 Dungeon Crawl Stone Soup version 0.28.0-43-g3370ac3207 (webtiles) character file.

Game seed: 13851813672896244545

270 adizb the Sneak (level 6, -9/38 HPs)
             Began as an Octopode Monk on Mar 9, 2022.
             Was a Believer of Hepliaklqana.
             Killed from afar by a white imp (12 damage)
             ... with a puff of frost
             ... on level 5 of the Dungeon.
             The game lasted 00:15:26 (2953 turns).

adizb the Sneak (Octopode Monk)                     Turns: 2953, Time: 00:15:27

Health: -9/38      AC:  1    Str:  8 (10) XL:     6   Next: 22%
Magic:  6/6        EV: 18    Int: 11 (12) God:    Hepliaklqana [**....]
Gold:   179        SH:  0    Dex: 15 (17) Spells: 5/5 levels left

rFire   . . .      SeeInvis .   o - +6 dagger (venom)
rCold   . . .      Faith    .   (no shield)
rNeg    . . .      Spirit   .   (helmet restricted)
rPois   .          Reflect  .   (no amulet)
rElec   .          Harm     .   p - +4 ring of evasion
rCorr   .          Rampage  .   (no ring)
Will    .....                   (no ring)
Stlth   ++++......              (no ring)
HPRegen 0.12/turn               (no ring)
MPRegen 0.10/turn               (no ring)
                                (no ring)
                                (no ring)

@: no status effects
A: reduced essence, almost no armour, amphibious, 8 rings, camouflage 1,
gelatinous body 1, (nimble swimmer 1), tentacles
a: Renounce Religion, Recall Ancestor, Ancestor Identity


You were on level 5 of the Dungeon.
You worshipped Hepliaklqana.
Hepliaklqana was pleased with you.
You visited 2 branches of the dungeon, and saw 6 of its levels.

You collected 179 gold pieces.

Inventory:

Hand Weapons
 a - a +0 short sword
 k - a +2 dagger of flaming
 o - a +6 dagger of venom (weapon)
Missiles
 b - 2 atropa-tipped darts (quivered)
 e - 3 javelins
Jewellery
 p - a +4 ring of evasion (left tentacle)
Scrolls
 c - 2 scrolls of fog {unknown}
 f - a scroll of vulnerability {unknown}
 g - a scroll of enchant armour {unknown}
 i - a scroll of fear {unknown}
 j - a scroll of blinking
 l - a scroll of teleportation
 m - a scroll of identify {unknown}
Potions
 d - a potion of heal wounds {unknown}
 h - a potion of curing {unknown}
 n - a potion of invisibility {unknown}


   Skills:
 + Level 4.2 Fighting
 * Level 4.3 Short Blades
 + Level 4.1 Dodging
 + Level 4.9 Stealth


You had 5 spell levels left.
You didn't know any spells.
Your spell library contained the following spells:

 Spells                   Type           Power      Damage    Failure   Level
 Ensorcelled Hibernation  Hex/Ice        0%         N/A       47%         2
 Passwall                 Tmut/Erth      0%         N/A       47%         2
 Swiftness                Air            0%         N/A       71%         3


Dungeon Overview and Level Annotations

Branches:
Dungeon (5/15)             Temple (1/1) D:4

Altars:
Cheibriados
Dithmenos
Elyvilon
Gozag
Hepliaklqana
Kikubaaqudgha
Makhleb
Nemelex Xobeh
Okawaru
Qazlal
Trog
Uskayaw
Vehumet
Xom
Zin
The Shining One

Shops:
D:3 :


Innate Abilities, Weirdness & Mutations

Your life essence is reduced to manifest your ancestor. (-10% HP)
You cannot wear most types of armour.
You are amphibious.
You can wear up to eight rings at the same time.
Your skin changes colour to match your surroundings (Stealth+).
Your rubbery body absorbs attacks. (AC +1, EV +1)
((You are camouflaged when in or above water. (Stealth+)))
You have tentacles for arms and can constrict up to eight enemies at once.


Message History

The orc dies!
Zix hits the orc with a +0 dagger of draining.
Zix drains the orc.
You hit the orc.
You kill the orc!
The orc priest calls down the wrath of Beogh upon you.
Beogh smites you!
* * * LOW HITPOINT WARNING * * *
Something hits Zix.
Zix casts a spell at the orc priest.
The orc priest resists with some effort.
An orc priest is nearby!
The orc priest hits Zix with a +0 club.
Zix casts a spell at the orc priest.
The orc priest resists with some effort.
What are your orders? t - Shout!
Orders for allies: a - Attack new target. r - Retreat! s - Stop attacking. g - Guard the area. f - Follow me.
Anything else - Cancel.
Gang up on whom?
Press: ? - help, Dir - move target, f - orc priest
Aim: an orc priest, wielding a +0 club (ally target) Attack!
The orc priest barely misses Zix.
Zix barely misses the orc priest.
The orc priest barely misses Zix.
Zix hits the orc priest with a +0 dagger of draining.
The orc priest hits Zix with a +0 club.
Zix hits the orc priest with a +0 dagger of draining.
Zix drains the orc priest.
The orc priest looks satisfied for a moment.
Zix barely misses the orc priest.
The orc priest mumbles some strange prayers to Beogh against Zix.
Zix is smitten.
Zix is destroyed!
A white imp comes into view.
The white imp moves out of view.
The white imp gestures at you. The puff of frost hits you!
You die...

...## .... ... # #.#
#.####.### .......#
#############.#5#.###
#.o..........@......#
#)###########.#.#.#.#
#.# #....<# .o.
###.### ##... .....
#.### ###.### #.. #.#
#). ..# ##. ###


You could see a white imp.

Vanquished Creatures
  A bullfrog zombie (D:4)
  A centaur skeleton (D:4)
  Terence (D:3)
  6 adders
  2 adder skeletons (D:4)
  A dart slug (D:4)
  10 orcs
  6 endoplasms
  5 giant cockroaches
  8 goblins
  3 hobgoblins
  6 jackals
  7 quokkas
  5 ball pythons
  A bat (D:2)
  A frilled lizard (D:3)
  5 kobolds
  A rat (D:3)
70 creatures vanquished.

Vanquished Creatures (collateral kills)
  A howler monkey (D:5)
  An orc (D:5)
2 creatures vanquished.

Vanquished Creatures (others)
  A hexer (D:5)
1 creature vanquished.

Grand Total: 73 creatures vanquished

Notes
Turn   | Place    | Note
-------+----------+-------------------------------------------
     0 | D:1      | adizb the Octopode Monk began the quest for the Orb.
     0 | D:1      | Reached XP level 1. HP: 16/16 MP: 1/1
   140 | D:1      | Found a faded altar of an unknown god.
   218 | D:1      | Reached XP level 2. HP: 21/21 MP: 2/2
   348 | D:1      | You fall into a shaft and drop 1 floor!
   785 | D:2      | Reached XP level 3. HP: 26/26 MP: 3/3
  1464 | D:3      | Found an opulent altar of Gozag.
  1494 | D:3      | Reached XP level 4. HP: 26/31 MP: 4/4
  1600 | D:3      | Found an iron altar of Okawaru.
  1813 | D:3      | Found Jirimela's Book Shop.
  2090 | D:3      | Noticed Terence
  2103 | D:3      | Killed Terence
  2169 | D:4      | Reached XP level 5. HP: 33/37 MP: 5/5
  2491 | D:4      | Found a stormy altar of Qazlal.
  2491 | D:4      | Found a glowing golden altar of the Shining One.
  2491 | D:4      | Found a shimmering altar of Xom.
  2584 | D:4      | Found a staircase to the Ecumenical Temple.
  2633 | Temple   | Entered the Ecumenical Temple
  2662 | Temple   | Became a worshipper of Hepliaklqana the Forgotten
  2662 | Temple   | Reached * piety under Hepliaklqana
  2662 | Temple   | Reached ** piety under Hepliaklqana
  2671 | Temple   | Remembered your ancestor Zix as a hexer
  2795 | D:4      | Reached XP level 6. HP: 37/38 MP: 6/6
  2911 | D:5      | Entered Level 5 of the Dungeon
  2953 | D:5      | Killed from afar by a white imp

Illustrated notes

Levels and vault maps discovered:
D:1:      wander_arrival_lonely_grave, layout_loops_ring,
          shapermc_ecumenical_altar_totnotflames, minmay_nonomino_d4
D:2:      layout_basic
D:3:      layout_loops_cross, lemuel_crystal_altar,
          nicolae_gozag_cash_rules_everything_around_me, serial_shops,
          nicolae_shop_temple_entry_statues_fountains,
          kennysheep_generic_room_2, uniq_terence
D:4:      layout_loops_ring, gammafunk_temple_overflow_claw,
          minmay_temple_entry_stoned_glass
D:5:      layout_loops_ring, mainiacjoe_overflow_concentric_impassable,
          mainiacjoe_overflow_cross_hatched, serial_shops, nicolae_shop_crystal
Temple:   minmay_temple_bridge_abc

Skill      XL: |  1  2  3  4  5 |
---------------+----------------+-----
Stealth        | 3 4 |  4.9
Fighting       | 4 |  4.2
Short Blades   | 4 |  4.3
Dodging        | 4 |  4.1

Action                   |  1- 3 |  4- 6 || total
-------------------------+-------+-------++-------
Melee: Short sword       |    30 |       ||    30
       Tentacles         |     7 |    18 ||    25
       Constrict         |     5 |    23 ||    28
       Dagger            |    19 |    90 ||   109
Invok: Ancestor Life: He |       |     1 ||     1
       Ancestor Identity |       |     1 ||     1
  Use: Scroll            |       |     7 ||     7
       Potion            |       |     2 ||     2
 Stab: Sleeping          |    17 |     9 ||    26
       Distracted        |       |     2 ||     2
Armor: Skin              |     3 |     3 ||     6
Dodge: Dodged            |    20 |    58 ||    78
